 Dungeon Crawl Stone Soup version 0.32-a0-876-gcfddb08 (webtiles) character file.

Game seed: 8174147238312294310

407 lyrin the Charlatan (level 6, 0/48 HPs)
             Began as an Armataur Artificer on Mar 31, 2024.
             Slain by Edmund
             ... wielding a +2 flail of protection
              (12 damage)
             ... on level 3 of the Dungeon.
             The game lasted 00:05:41 (3642 turns).

lyrin the Charlatan (Armataur Artificer)            Turns: 3642, Time: 00:05:41

Health: 0/48       AC:  4    Str: 17    XL:     6   Next: 57%
Magic:  6/6        EV:  9    Int: 13    God:
Gold:   129        SH:  5    Dex: 17    Spells: 5/5 levels left

rFire   + . .        a - +4 short sword
rCold   . . .        (no shield)
rNeg    . . .        b - +0 leather armour
rPois   .            (no helmet)
rElec   .            (no cloak)
rCorr   .            (no gloves)
SInv    .            (no barding)
Will    .....        k - amulet of reflection
Stlth   ++           o - +6 ring of dexterity
HPRegen 0.28/turn    r - ring of protection from fire
MPRegen 0.10/turn

%: reflection, roll
@: mighty
A: large, deformed body, tough skin 3, armoured tail, rollpage 1
a: no special abilities


You were on level 3 of the Dungeon.
You visited 1 branch of the dungeon, and saw 4 of its levels.

You collected 157 gold pieces.
You spent 28 gold pieces at shops.

Inventory:

Hand Weapons
 a - a +4 short sword (weapon)
 x - a +0 trident
Armour
 b - a +0 leather armour (worn)
Jewellery
 k - an amulet of reflection (around neck)
 l - a ring of flight
 o - a +6 ring of dexterity (left hand)
 r - a ring of protection from fire (right hand)
Wands
 c - a wand of flame (13) (quivered)
 d - a wand of charming (11)
 e - a wand of iceblast (4)
 f - a wand of digging (5)
Scrolls
 g - a scroll of blinking
 h - a scroll of butterflies
 m - a scroll of vulnerability {unknown}
 p - a scroll of silence {unknown}
 q - a scroll of enchant armour
 s - a scroll of teleportation {unknown}
 u - a scroll of amnesia
 w - 2 scrolls of noise {unknown}
Potions
 i - a potion of attraction {unknown}
 j - a potion of haste {unknown}
 t - a potion of brilliance {unknown}


   Skills:
 + Level 2.0 Fighting
 + Level 0.1 Short Blades
 + Level 0.1 Maces & Flails
 + Level 3.4 Polearms
 + Level 3.4 Armour
 + Level 2.1 Dodging
 - Level 1.1 Stealth
 + Level 1.4 Shields
 + Level 3.9 Evocations


You had 5 spell levels left.
You didn't know any spells.
Your spell library was empty.

Dungeon Overview and Level Annotations

Branches:
Dungeon (4/15)
 Temple: D:4-7

Altars:

Shops:
D:3 ?

Annotations:
D:3 Edmund
D:4 Grinder


Innate Abilities, Weirdness & Mutations

Armour fits poorly on your strangely shaped body.
You have extremely tough skin. (AC +3)
You have a long armoured tail.
You regenerate magic when rolling toward enemies. (Rampage MPRegen)


Message History

You block Edmund's attack.
Unknown command.
Sorry, you're not good enough to have a special ability.
Unknown command.
Okay, then.
Okay, then.
You feel very mighty all of a sudden.
Edmund says, "People think my brother is the best.
I think he's crazy."
Edmund hits you with a +2 flail of protection!
* * * LOW HITPOINT WARNING * * *
You closely miss Edmund.
Edmund is lightly wounded.
Edmund hits you with a +2 flail of protection!
* * * LOW HITPOINT WARNING * * *
You puncture Edmund!
Edmund is moderately wounded.
You block Edmund's attack.
You closely miss Edmund.
Edmund is moderately wounded.
Edmund hits you with a +2 flail of protection.
* * * LOW HITPOINT WARNING * * *
You feel better. You block Edmund's attack.
You closely miss Edmund.
Edmund is moderately wounded.
Edmund hits you with a +2 flail of protection!
* * * LOW HITPOINT WARNING * * *
You hit Edmund.
Edmund is heavily wounded.
You block Edmund's attack.
You feel better.
Edmund hits you with a +2 flail of protection!
* * * LOW HITPOINT WARNING * * *
You barely miss Edmund.
Edmund is heavily wounded.
You block Edmund's attack.
You feel better.
Edmund says, "People will remember me!
They'll remember me and die!"
Edmund hits you with a +2 flail of protection!
You die...
Edmund whines, "They better pay attention to me now!"

.##.............# #.# #.# #.
.#..##.#####.#..# #.######.#
#. #...#..#
#...#..###........# #.
.....#.###.###...###########
#. #...#............# #.
#..........###...# #.
#.###...#..# #...# ##
#..)....#..###..÷#
#.###...........@## .[#
#............@#
#.###.....#.###...#
#.....#.#)#.......#
#.#.#.....#####.#.#
#...........###.#.#
###.#...........#.#
#.##..###.#####.#
#.##..###÷# #.#


You could see Edmund.

Vanquished Creatures
  A phantom (D:2)
  A hound (D:4)
  An orc priest (D:3)
  2 jellies
  2 orc wizards
  7 gnolls (D:3)
  3 adders
  A dart slug (D:2)
  4 orcs
  4 bats
  12 endoplasms
  2 giant cockroaches
  A goblin (D:1)
  5 hobgoblins (D:1)
  3 jackals (D:2)
  A quokka (D:3)
  6 ball pythons
  A frilled lizard (D:1)
  6 kobolds
  6 rats
69 creatures vanquished.

Vanquished Creatures (others)
  A gnoll (D:3)
  An orc (D:3)
2 creatures vanquished.

Grand Total: 71 creatures vanquished

Notes
Turn   | Place    | Note
-------+----------+-------------------------------------------
     0 | D:1      | lyrin the Armataur Artificer began the quest for the Orb.
     0 | D:1      | Reached XP level 1. HP: 15/15 MP: 1/1
   140 | D:1      | Reached XP level 2. HP: 18/22 MP: 2/2
   285 | D:1      | Reached skill level 1 in Dodging
   636 | D:2      | Reached skill level 1 in Fighting
   659 | D:2      | Reached XP level 3. HP: 25/28 MP: 3/3
  1200 | D:3      | Reached skill level 1 in Polearms
  1624 | D:3      | Reached XP level 4. HP: 32/35 MP: 4/4
  1658 | D:3      | You fall into a shaft and drop 1 floor!
  1818 | D:4      | Noticed a phantom
  1894 | D:2      | Killed a phantom
  1895 | D:2      | Reached skill level 1 in Shields
  1895 | D:2      | Reached XP level 5. HP: 13/40 MP: 5/5
  2163 | D:3      | Found Morir's Magic Scroll Shop.
  2166 | D:3      | Bought a scroll of identify for 28 gold pieces
  2407 | D:3      | HP: 2/41 [gnoll/+0 flail (10)]
  2800 | D:3      | Reached XP level 6. HP: 48/48 MP: 6/6
  3607 | D:4      | Noticed Grinder
  3619 | D:4      | Noticed Edmund
  3642 | D:3      | Slain by Edmund

Illustrated notes

Levels and vault maps discovered:
D:1:      sevenhm_arrival_forest_fort_large_4, layout_rooms,
          nicolae_houndstooth_variations
D:2:      layout_loops_ring
D:3:      layout_loops_ring, serial_shops, nicolae_shop_window_shopping
D:4:      layout_basic, minmay_ogre_servants, uniq_grinder, uniq_edmund

Skill      XL: |  1  2  3  4  5  6 |
---------------+-------------------+-----
Dodging        | 1 2 |  2.1
Fighting       | 1 2 |  2.0
Polearms       | 1 2 3 |  3.4
Armour         | 3 |  3.4
Shields        | 1 |  1.4
Short Blades   | |  0.1
Maces & Flails | |  0.1
Stealth        | |  1.1
Evocations     | |  3.9

Action                     |  1- 3 |  4- 6 || total
---------------------------+-------+-------++-------
  Melee: Spear             |   117 |       ||   117
         Club              |     9 |       ||     9
         Tailslap          |    12 |    20 ||    32
         Trident           |       |    95 ||    95
         Short sword       |       |    40 ||    40
  Evoke: Wand              |     2 |     5 ||     7
    Use: Scroll            |       |     6 ||     6
         Potion            |       |     4 ||     4
   Stab: Sleeping          |     8 |     1 ||     9
         Distracted        |     1 |       ||     1
 Armour: Leather armour    |    64 |    99 ||   163
  Dodge: Dodged            |    44 |    51 ||    95
  Block: Other             |    12 |    33 ||    45

Table legend: (Time is in decaauts)
 A = Elapsed time spent in this place.
 B = Non-inter-level travel time spent in this place.
 C = Inter-level travel time spent in this place.
 D = Time resting spent in this place.
 E = Time spent auto-exploring this place.
 F = Levels seen in this place.
 G = Mean time per level.
                   A        B        C        D        E       F      G
               +--------+--------+--------+--------+--------+-----+--------+
         Total |   3675 |   3590 |     85 |   1244 |   1518 |   4 |  918.8 |
       Dungeon |   3675 |   3590 |     85 |   1244 |   1518 |   4 |  918.8 |
               +--------+--------+--------+--------+--------+-----+--------+

Top non-repeatable levels by time:
     D:3: 1750 daAuts
     D:2: 982 daAuts
     D:1: 580 daAuts
     D:4: 362 daAuts
